Map: Interloper LE

Players

ShoWTimE

  • Race: Protoss Protoss
  • Spawn Location: 11:00

Kelazhur - Winner!

  • Race: Terran Terran
  • Spawn Location: 5:00

Event: WCS Montreal 2017

VOD

Have the link to the VOD?

Description

Time

  • Played on: Sept. 9, 2017, 3:19 p.m.
  • Length: 12:59

All games in this series

Show
View Real Time Build Order
Export as new Build Order

ShoWTimE Protoss 

Build Orders: 1 Gate Expand, Oracle Opening 

Get SALT Encoding   

  12  0:00  Probe (Chrono Boost)  
  13  0:11  Probe (Chrono Boost)  
  14  0:17  Pylon  
  14  0:22  Probe (Chrono Boost)  
  15  0:35  Probe (Chrono Boost)  
  16  0:37  Gateway  
  16  0:43  Assimilator  
  16  0:46  Probe (Chrono Boost)  
  17  0:57  Probe (Chrono Boost)  
  18  1:08  Probe (Chrono Boost)  
  19  1:23  Nexus  
  19  1:33  Cybernetics Core  
  19  1:35  Probe (Chrono Boost)  
  20  1:41  Assimilator  
  20  1:45  Probe (Chrono Boost)  
  21  1:52  Pylon  
  21  1:56  Probe (Chrono Boost)  
  22  2:06  Probe (Chrono Boost)  
  23  2:10  Adept (Chrono Boost)  
  25  2:16  Warp Gate  
  25  2:17  Probe  
  26  2:26  Stargate  
  26  2:29  Probe  
  27  2:34  Probe  
  28  2:39  Adept (Chrono Boost)  
  28  2:41  Probe  
  31  2:44  Probe  
  32  2:53  Probe  
  32  2:55  Probe  
  34  3:02  Adept (Chrono Boost)  
  37  3:05  Probe  
  37  3:06  Probe  
  37  3:10  Oracle (Chrono Boost)  
  41  3:15  Pylon  
  41  3:17  Probe  
  41  3:19  Probe  
  43  3:29  Probe  
  43  3:30  Gateway  
  43  3:31  Probe  
  45  3:35  Gateway  
  45  3:41  Pylon  
  45  3:42  Probe  
  45  3:43  Probe  
  45  3:44  Oracle (Chrono Boost)  
  46  3:55  Probe (Chrono Boost), Mothership Core (Chrono Boost)  
  49  4:00  Pylon  
  49  4:03  Assimilator  
  49  4:08  Probe (Chrono Boost), Assimilator  
  50  4:14  Probe (Chrono Boost), Oracle  
  51  4:20  Probe (Chrono Boost)  
  53  4:24  Probe (Chrono Boost)  
  53  4:28  Stalker  
  54  4:32  Probe (Chrono Boost), Stalker  
  54  4:33  Zealot  
  54  4:35  Probe (Chrono Boost)  
  54  4:36  Pylon  
  59  4:44  Probe (Chrono Boost)  
  60  4:46  Probe (Chrono Boost)  
  60  4:47  Phoenix  
  63  4:55  Nexus  
  63  4:58  Pylon  
  63  5:03  Twilight Council  
  63  5:07  Forge  
  63  5:10  Probe (Chrono Boost)  
  63  5:11  Phoenix  
  63  5:12  Probe (Chrono Boost)  
  67  5:22  Probe (Chrono Boost)  
  67  5:24  Probe (Chrono Boost)  
  67  5:28  Sentry x2  
  73  5:33  Phoenix, Gateway  
  73  5:35  Protoss Ground Weapons Level 1, Gateway  
  73  5:41  Probe (Chrono Boost)  
  73  5:42  Probe (Chrono Boost), Pylon  
  77  5:51  Gateway  
  77  5:56  Probe (Chrono Boost)  
  65  5:57  Probe (Chrono Boost)  
  65  6:05  Probe (Chrono Boost)  
  65  6:08  Probe (Chrono Boost)  
  65  6:10  Resonating Glaives (Chrono Boost)  
  67  6:15  Probe  
  68  6:19  Probe  
  68  6:20  Probe, Gateway  
  70  6:26  Probe, Gateway  
  70  6:31  Probe  
  72  6:33  Sentry, Adept x2  
  72  6:36  Probe x2  
  72  6:37  Pylon  
  80  6:43  Probe  
  80  6:45  Phoenix  
  83  6:48  Adept  
  83  6:49  Probe  
  83  6:50  Probe  
  87  6:55  Probe  
  87  7:00  Probe  
  88  7:02  Probe  
  89  7:10  Probe x2, Phoenix  
  89  7:12  Adept  
  94  7:22  Probe x2, Protoss Ground Armor Level 1  
  96  7:27  Probe  
  97  7:31  Pylon  
  97  7:32  Pylon  
  97  7:36  Adept x2  
  97  7:37  Pylon  
  101  7:38  Blink (Chrono Boost)  
  101  7:40  Probe  
  101  7:42  Probe x2  
  104  7:48  Assimilator  
  102  7:52  Assimilator  
  102  7:54  Sentry  
  102  7:55  Adept x3  
  110  7:59  Probe  
  110  8:01  Probe x2  
  113  8:05  Robotics Facility  
  113  8:07  Adept x2  
  117  8:25  Probe  
  117  8:26  Probe  
  119  8:28  Probe  
  120  8:38  Adept x6  
  120  8:40  Pylon  
  132  8:41  Probe  
  133  8:50  Nexus  
  133  8:52  Pylon  
  134  8:55  Observer (Chrono Boost)  
  134  8:58  Robotics Bay  
  134  8:59  Robotics Facility  
  134  9:07  Protoss Ground Weapons Level 2 (Chrono Boost)  
  134  9:20  Warp Prism (Chrono Boost)  
  134  9:23  Pylon  
  136  9:26  Probe x3, Forge  
  139  9:33  Pylon  
  139  9:35  Photon Cannon  
  139  9:38  Photon Cannon, Probe  
  139  9:41  Stalker  
  139  9:42  Stalker x5, Pylon  
  152  9:51  Disruptor (Chrono Boost)  
  151  10:01  Adept x2  
  146  10:15  Adept x3  
  146  10:16  Adept  
  146  10:21  Adept x2  
  148  10:24  Pylon  
  147  10:32  Disruptor (Chrono Boost)  
  147  10:34  Pylon  
  147  10:35  Pylon  
  137  10:37  Pylon  
  137  10:40  Photon Cannon  
  133  10:42  Disruptor (Chrono Boost)  
  133  10:43  Probe x3  
  133  10:45  Pylon  
  139  10:54  Adept x2  
  139  10:55  Probe  
  139  10:56  Sentry, Adept x3  
  152  10:57  Adept x2  
  156  11:08  Nexus  
  156  11:12  Pylon  
  154  11:32  Stalker x6  
  160  11:40  Disruptor  
  152  11:53  Adept x2  
  127  11:57  Probe x2  
  127  11:58  Disruptor  
  127  11:59  Probe  
  124  12:05  Adept  
  124  12:06  Adept x2  
  133  12:09  Probe  
  133  12:10  Adept  
  133  12:11  Adept x2  
  133  12:14  Adept x2  
  144  12:22  Probe  
  137  12:23  Probe  
  137  12:25  Photon Cannon, Probe  
  130  12:39  Stalker x3  
  130  12:40  Pylon  
  132  12:48  Adept x2  
  132  12:49  Adept  
Show
View Real Time Build Order
Export as new Build Order

Kelazhur Terran - Winner!

Build Orders: MMM Bio 

Get SALT Encoding   

  12  0:00  SCV  
  13  0:12  SCV  
  14  0:17  Supply Depot  
  14  0:24  SCV  
  15  0:38  SCV  
  15  0:39  Barracks  
  16  0:44  Refinery  
  16  0:50  SCV  
  17  1:02  SCV  
  18  1:15  SCV  
  19  1:26  Marine  
  19  1:27  Orbital Command  
  20  1:43  Command Center  
  20  1:47  Barracks Reactor  
  20  1:55  Supply Depot  
  20  1:58  SCV  
  21  2:08  Factory  
  21  2:11  SCV  
  22  2:20  Refinery  
  22  2:23  SCV  
  22  2:24  Marine x2  
  25  2:35  SCV  
  26  2:41  Marine  
  26  2:42  Marine  
  28  2:47  SCV  
  29  2:55  Orbital Command  
  29  2:59  SCV  
  30  3:07  Cyclone  
  30  3:08  Cyclone  
  36  3:13  SCV  
  36  3:19  Marine  
  37  3:24  SCV  
  37  3:25  Starport  
  39  3:30  Supply Depot  
  39  3:31  SCV  
  40  3:36  SCV  
  40  3:39  Widow Mine  
  40  3:40  Widow Mine  
  44  3:43  SCV  
  44  3:48  SCV  
  45  3:51  Barracks Tech Lab  
  45  3:55  SCV  
  46  3:59  Supply Depot  
  46  4:00  SCV  
  46  4:02  Viking  
  49  4:07  SCV  
  50  4:14  SCV  
  48  4:21  SCV  
  44  4:27  Widow Mine x2  
  44  4:30  SCV  
  49  4:35  SCV  
  50  4:40  Medivac, Marine  
  50  4:44  SCV  
  54  4:47  SCV  
  54  4:52  Supply Depot  
  55  4:55  Barracks  
  55  4:56  Barracks, SCV  
  56  5:01  SCV  
  56  5:04  Marine  
  56  5:05  Stimpack  
  56  5:06  Liberator  
  58  5:09  SCV  
  58  5:11  Factory Tech Lab  
  59  5:15  SCV  
  59  5:19  Bunker  
  59  5:23  Marauder  
  59  5:24  SCV  
  59  5:26  Refinery  
  59  5:27  Engineering Bay, Refinery  
  65  5:29  Supply Depot, SCV  
  66  5:36  SCV  
  66  5:41  SCV  
  68  5:43  Marine  
  68  5:49  SCV  
  70  5:53  SCV  
  70  6:01  Marine, SCV  
  72  6:05  SCV  
  72  6:07  Missile Turret  
  72  6:09  Missile Turret  
  69  6:12  Combat Shields, Marine x2  
  69  6:13  SCV  
  69  6:14  Medivac, Factory Reactor  
  69  6:15  Marauder  
  74  6:18  SCV  
  74  6:21  Marine  
  74  6:26  Command Center, SCV  
  74  6:30  Marine x2  
  74  6:31  SCV  
  78  6:33  Terran Infantry Weapons Level 1  
  78  6:39  Barracks  
  76  6:40  Barracks, Supply Depot, SCV  
  76  6:46  Marauder x2  
  81  6:48  SCV  
  81  6:52  SCV  
  83  6:57  Factory Reactor  
  83  7:01  Marine x2  
  83  7:03  Medivac x2  
  83  7:08  Concussive Shells, Marauder x2  
  93  7:14  SCV  
  91  7:21  Marine x2  
  93  7:23  Supply Depot, SCV  
  94  7:33  Barracks Reactor, Barracks Tech Lab  
  94  7:34  Supply Depot  
  94  7:36  Supply Depot  
  94  7:37  Marine  
  94  7:38  SCV, Marauder  
  94  7:39  Marine x2  
  94  7:43  SCV  
  101  7:50  SCV  
  101  7:53  Marauder  
  101  7:54  Widow Mine x2  
  101  7:55  Medivac x2, SCV, Missile Turret  
  112  8:01  Armory  
  112  8:02  SCV  
  113  8:07  SCV  
  114  8:13  Orbital Command  
  114  8:14  Marine, SCV  
  114  8:15  Marine x3  
  114  8:19  Marine x3, SCV  
  121  8:26  SCV  
  121  8:27  Widow Mine x2  
  122  8:28  Medivac x2  
  122  8:31  SCV  
  122  8:32  Marine  
  132  8:36  Terran Infantry Armor Level 1  
  132  8:38  SCV, Marauder  
  133  8:41  SCV  
  133  8:42  Engineering Bay  
  133  8:47  Marine  
  133  8:48  Marine, SCV, Marauder  
  138  8:50  SCV  
  138  8:51  Marine  
  138  8:52  Marine  
  141  8:57  Supply Depot, Refinery  
  141  9:04  Marauder  
  141  9:10  Supply Depot  
  141  9:11  Supply Depot  
  141  9:18  Marine  
  141  9:19  Medivac x2, SCV, Marauder  
  149  9:30  Fusion Core  
  149  9:31  Marine x2, Widow Mine x2  
  149  9:32  Refinery  
  149  9:33  Starport  
  149  9:34  Supply Depot  
  149  9:35  Terran Infantry Weapons Level 2  
  149  9:37  Marauder  
  157  9:40  Marauder  
  159  9:47  Supply Depot  
  159  9:49  Medivac  
  159  9:50  Marauder  
  163  9:58  Marine x2  
  163  9:59  Marauder  
  166  10:00  Widow Mine x2  
  166  10:01  Marine  
  166  10:05  Orbital Command  
  157  10:13  Marine  
  157  10:14  Marauder  
  156  10:19  Marauder  
  157  10:24  Marine  
  157  10:26  Marine  
  157  10:28  Liberator x2  
  154  10:37  Marine  
  154  10:42  Marine x2, Marauder x3  
  161  10:43  Starport Tech Lab, Command Center  
  161  10:44  Widow Mine x2  
  161  10:49  Marine  
  171  10:55  Liberator  
  170  11:04  Marauder x3  
  174  11:11  Advanced Ballistics  
  174  11:12  Widow Mine x2  
  174  11:13  Supply Depot x2  
  174  11:16  Refinery  
  181  11:20  Supply Depot  
  181  11:34  SCV x3  
  181  11:37  Liberator x2  
  183  11:44  Marauder  
  183  11:46  Widow Mine  
  176  11:47  Widow Mine  
  176  11:48  Marine  
  166  11:56  Marine x2  
  166  11:57  Marauder  
  163  12:06  Marine x3  
  163  12:07  Marauder  
  166  12:14  Marine x2  
  168  12:17  Widow Mine x2  
  168  12:18  Marauder  
  168  12:21  Missile Turret  
  172  12:24  Marine  
  172  12:25  Marauder  
  172  12:28  Marauder  
  176  12:36  Marine  
  168  12:37  Marine  
Tags
 
Add a new tag
Caveats
  • Supply blocks, unpowered buildings, or Contaminate may cause inaccurate times.
  • Supply counts are checked every 10 seconds.